 Dungeon Sprint DCSS version 0.31-a0-716-gc7603755dd (webtiles) character file.

Game seed: 5671416250248213483

1204 rocky1 the Carver (level 8, -2/67 HPs)
             Began as a Djinni Gladiator on Sept 11, 2023.
             Was an Initiate of Gozag.
             Slain by Snorg (17 damage)
             ... in the Dungeon (Sprint III: "The Ten Rune Challenge").
             The game lasted 00:02:58 (1529 turns).

rocky1 the Carver (Djinni Gladiator)                Turns: 1529, Time: 00:02:59

Health: -2/67      AC:  5    Str: 13    XL:     8   Next: 73%
Gold:   560        EV: 13    Int:  9    God:    Gozag SH:  0 Dex: 18

rFire   + + .        q - +3 long sword (holy)
rCold   x . .        (no shield)
rNeg    . . .        b - +0 leather armour
rPois   ∞            c - +0 helmet
rElec   .            d - +0 cloak
rCorr   .            (no gloves)
SInv    .            (boots unavailable)
Will    .....        (no amulet)
Stlth   +            (no ring)
HPRegen 0.31/turn    (no ring)
MPRegen 0.00/turn

%: no teleportation, infuse magic (-3 HP)
@: flying, hasted (expiring), very quick
A: sickness immunity, fire resistance 2, cold vulnerability 1, float, innate
caster, HP casting, extra vitality 1
a: Renounce Religion, Potion Petition, Call Merchant, Bribe Branch


You were in the Dungeon.
You worshipped Gozag.
Gozag was pleased with you.
You visited 1 branch You collected 560 gold pieces.

Inventory:

Hand Weapons
 a - a +0 long sword
 q - a +3 long sword of holy wrath (weapon)
Armour
 b - a +0 leather armour (worn)
 c - a +0 helmet (worn)
 d - a +0 cloak (worn)
Wands
 i - a wand of digging (6)
Scrolls
 j - a scroll of blinking
 k - a scroll of torment {unknown}
 l - a scroll of immolation {unknown}
 n - 2 scrolls of poison {unknown}
 o - 3 scrolls of identify
Potions
 f - 2 potions of curing
 g - a potion of heal wounds
 m - 5 potions of mutation
 p - 2 potions of enlightenment {unknown}


   Skills:
 + Level 9.5 Fighting
 + Level 14.4 Long Blades
 - Level 1.5 Throwing
 - Level 3.2 Dodging


You knew the following spells:

 Your Spells              Type           Power      Damage    Failure   Level
a - Freeze                Ice            0%         1d3       45%         1
b - Blink                 Tloc           0%         N/A       61%         2
c - Summon Guardian Gole  Hex/Summ       0%         N/A       83%         3
Your spell library was empty.

Dungeon Overview and Level Annotations

Branches:
Dungeon (1/1)

Altars:
Cheibriados
Dithmenos
Elyvilon
Fedhas
Gozag
Hepliaklqana
Makhleb
Nemelex Xobeh
Okawaru
Qazlal
Ru
Trog
Uskayaw
Wu Jian
Xom
Yredelemnul
Zin
The Shining One
Jiyva
Lugonu

Annotations:
D Snorg


Innate Abilities, Weirdness & Mutations

You are immune to sickness and miasma.
You are immune to poison.
Your flesh is very heat resistant. (rF++)
You are vulnerable to cold. (rC-)
You float through the air rather than walking.
You learn spells naturally, not from books.
Your magical power is your life essence.
You have superior vitality. (+4 MHP)


Message History

There is a fountain of clear blue water here.
There is an open door here.
You reach down and open the door.
There is an open door here.
Snorg the Insatiable comes into view.
Snorg shouts!
Throw: javelin
Press: ? - help, Q - select action, (/) - cycle Shift-Dir - straight line, f - Snorg
Aim: Snorg (black smoke, 63% to hit)
You throw a javelin. The javelin barely misses Snorg.
Unknown command.
You slash Snorg!
Snorg is moderately wounded.
You slice Snorg!!
Snorg is heavily wounded.
Snorg closely misses you. Snorg claws you but does no damage. Snorg claws you!
You slash Snorg! Your punch misses Snorg.
Snorg is heavily wounded.
You barely miss Snorg.
Snorg is heavily wounded.
You hit Snorg.
Snorg is heavily wounded.
Snorg bites you. Snorg claws you. Snorg completely misses you.
You slash Snorg!
Snorg is severely wounded.
Your extra speed is starting to run out.
You slash Snorg!
Snorg is severely wounded.
Snorg goes berserk!
You closely miss Snorg.
Snorg is severely wounded.
Snorg closely misses you. Snorg claws you. Snorg claws you!
* * * LOW HITPOINT WARNING * * *
You hit Snorg.
Snorg is severely wounded.
You hit Snorg.
Snorg is almost dead.
Snorg completely misses you. Snorg misses you. Snorg claws you!
You die...
Your body crumbles into a pile of gold.

#.############
..#___#___#__#
..#...#__)#)_#
..###'#'###'##
..#..........#
..'.⌠........#
..#...######'#
..#.⌠.#__#...#+#####
..#)..#__#...#.§@§§+
..#'###__#...#.#T~§#
..#.).#__#...'.#§§§#
..#___#__'...#.#§.§#
▓▓▓▓▓▓▓▓▓▓▓▓▓▓▓▓▓▓▓▓


You could see Snorg (berserk).

Vanquished Creatures
  A deep elf pyromancer (D)
  A shadow (D)
  A spatial vortex (D)
  A necrophage (D)
  A water elemental (D)
  Crazy Yiuf (D)
  A jelly (D)
  A wizard (D)
  A necromancer (D)
  3 humans (D)
  A kobold demonologist (D)
  An endoplasm (D)
  3 rats (D)
17 creatures vanquished.

Notes
Turn   | Place    | Note
-------+----------+-------------------------------------------
     0 | D        | rocky1 the Djinni Gladiator began the quest for the Orb.
     0 | D        | Reached XP level 1. HP: 18/18 MP: 0/0
    10 | D        | Reached skill level 3 in Long Blades
    81 | D        | Reached skill level 5 in Long Blades
    81 | D        | Reached XP level 2. HP: 11/23 MP: 0/0
    81 | D        | Reached XP level 3. HP: 13/28 MP: 0/0
    81 | D        | Learned a level 1 spell: Freeze
   308 | D        | Noticed Crazy Yiuf
   323 | D        | Killed Crazy Yiuf
   324 | D        | Reached skill level 7 in Long Blades
   324 | D        | Reached XP level 4. HP: 4/33 MP: 0/0
   570 | D        | Noticed a water elemental
   576 | D        | Killed a water elemental
   577 | D        | Reached skill level 8 in Long Blades
   577 | D        | Reached XP level 5. HP: 38/38 MP: 0/0
   577 | D        | Learned a level 2 spell: Blink
   647 | D        | Reached skill level 9 in Long Blades
   669 | D        | Noticed a shadow
   684 | D        | Killed a shadow
   685 | D        | Reached skill level 12 in Long Blades
   685 | D        | Reached XP level 6. HP: 7/43 MP: 0/0
   823 | D        | Found a blossoming altar of Fedhas.
   823 | D        | Found a stormy altar of Qazlal.
   823 | D        | Found a snail-covered altar of Cheibriados.
   823 | D        | Found a burning altar of Makhleb.
   823 | D        | Found a shimmering altar of Xom.
   823 | D        | Noticed a spatial vortex
   825 | D        | Found a hazy altar of Hepliaklqana.
   825 | D        | Found an opulent altar of Gozag.
   825 | D        | Found a sparkling altar of Nemelex Xobeh.
   825 | D        | Found a corrupted altar of Lugonu.
   825 | D        | Found a viscous altar of Jiyva.
   829 | D        | Became a worshipper of Gozag Ym Sagoz the Greedy
   848 | D        | Killed a spatial vortex
   849 | D        | Reached XP level 7. HP: 53/53 MP: 0/0
   849 | D        | Learned a level 3 spell: Summon Guardian Golem
   966 | D        | Found a basalt altar of Yredelemnul.
   966 | D        | Found a shadowy altar of Dithmenos.
   966 | D        | Found a sacrificial altar of Ru.
   971 | D        | Reached skill level 5 in Fighting
  1097 | D        | Noticed a red devil
  1104 | D        | Reached skill level 13 in Long Blades
  1262 | D        | Found a glowing silver altar of Zin.
  1262 | D        | Found a glowing golden altar of the Shining One.
  1262 | D        | Found a white marble altar of Elyvilon.
  1263 | D        | Noticed a deep elf pyromancer
  1268 | D        | Noticed a fire elemental
  1268 | D        | Noticed a fire elemental
  1271 | D        | Noticed a fire elemental
  1276 | D        | Killed a deep elf pyromancer
  1277 | D        | Reached skill level 14 in Long Blades
  1277 | D        | Reached XP level 8. HP: 11/66 MP: 0/0
  1458 | D        | Found a hide-covered altar of Uskayaw.
  1458 | D        | Found an iron altar of Okawaru.
  1458 | D        | Found a bloodstained altar of Trog.
  1458 | D        | Found an ornate altar of the Wu Jian Council.
  1458 | D        | Noticed a human
  1458 | D        | Noticed a human
  1474 | D        | Killed a human
  1490 | D        | Killed a human
  1517 | D        | Noticed Snorg
  1529 | D        | Slain by Snorg

Illustrated notes

Levels and vault maps discovered:
D:        dungeon_sprint_mu [sprint_mu_entry_cave, sprint_mu_temple_rooms,
          sprint_mu_d1_horrors, sprint_mu_d2_genie, sprint_mu_d3_branching,
          sprint_mu_orc_legion, sprint_mu_elf_gauntlet, sprint_mu_hive_nellie,
          sprint_mu_lair_fedhas, sprint_mu_vaults_butterflies,
          sprint_mu_slime_circle, sprint_mu_swamp_cave, sprint_mu_shoals_kraken,
          sprint_mu_blade_basic, sprint_mu_crypt_lich, sprint_mu_tomb_spiral,
          sprint_mu_vestibule_basic, sprint_mu_gehenna_hellfire,
          sprint_mu_dis_giant, sprint_mu_tartarus_statrot,
          sprint_mu_cocytus_islands, sprint_mu_zot1]

Skill      XL: |  1  2  3  4  5  6  7  8 |
---------------+-------------------------+-----
Long Blades    | 5 7 8 12 14 | 14.4
Fighting       | 4 8 9 |  9.5
Throwing       | |  1.5
Dodging        | |  3.2

Action                     |  1- 3 |  4- 6 |  7- 9 || total
---------------------------+-------+-------+-------++-------
  Melee: Long sword        |    33 |    32 |    60 ||   125
         Punch             |       |       |     1 ||     1
  Throw: Throwing net      |     4 |       |       ||     4
         Javelin           |       |       |     1 ||     1
    Use: Potion            |       |     1 |     1 ||     2
   Stab: Held in net/web   |     2 |       |       ||     2
         Sleeping          |     2 |       |       ||     2
         Distracted        |       |       |     1 ||     1
 Armour: Leather armour    |     9 |     7 |    37 ||    53
  Dodge: Dodged            |    12 |    12 |    34 ||    58

Table legend: (Time is in decaauts)
 A = Elapsed time spent in this place.
 B = Non-inter-level travel time spent in this place.
 C = Inter-level travel time spent in this place.
 D = Time resting spent in this place.
 E = Time spent auto-exploring this place.
 F = Levels seen in this place.
 G = Mean time per level.
                   A        B        C        D        E       F      G
               +--------+--------+--------+--------+--------+-----+--------+
         Total |   1510 |   1510 |      0 |   1153 |     16 |   1 | 1510.0 |
       Dungeon |   1510 |   1510 |      0 |   1153 |     16 |   1 | 1510.0 |
               +--------+--------+--------+--------+--------+-----+--------+

Top non-repeatable levels by time:
       D: 1510 daAuts
